 Dungeon Crawl Stone Soup version 0.27.1 (webtiles) character file.

Game seed: 7436843490583781871

938 nightchill the Sneak (level 8, 0/46 HPs)
             Began as a Kobold Enchanter on Aug 25, 2021.
             Slain by an orc warrior (10 damage)
             ... on level 6 of the Dungeon.
             The game lasted 00:11:58 (6834 turns).

nightchill the Sneak (Kobold Enchanter)             Turns: 6834, Time: 00:11:58

Health: 0/46       AC:  4    Str:  7    XL:     8   Next: 34%
Magic:  7/11       EV: 15    Int: 17    God:
Gold:   429        SH:  0    Dex: 15    Spells: 5/11 levels left

rFire    . . .     SeeInvis .   a - +1 dagger
rCold    . . .     Faith    .   (shield restricted)
rNeg     . . .     Spirit   .   b - +0 robe
rPois    .         Reflect  .   o - +0 helmet
rElec    .         Harm     .   (no cloak)
rCorr    +         Rampage  .   t - +0 pair of gloves
Will     .....                  (no boots)
Stlth    +++++.....             (no amulet)
HPRegen  0.15/turn              h - ring of resist corrosion
MPRegen  0.12/turn              (no ring)

@: no status effects
A: small, no large weapons, nightstalker 3
a: no special abilities


You were on level 6 of the Dungeon.
You visited 1 branch of the dungeon, and saw 6 of its levels.

You collected 429 gold pieces.

Inventory:

Hand Weapons
 a - a +1 dagger (weapon)
Missiles
 c - 34 poisoned darts
Armour
 b - a +0 robe (worn)
 f - a +4 chain mail
 o - a +0 helmet (worn)
 t - a +0 pair of gloves (worn)
Jewellery
 h - a ring of resist corrosion (left hand)
Wands
 m - a wand of acid (2)
Scrolls
 i - a scroll of noise {unknown}
 l - a scroll of holy word
 n - a scroll of silence {unknown}
 p - a scroll of enchant armour {unknown}
 q - 2 scrolls of teleportation
 r - a scroll of amnesia {unknown}
Potions
 d - 3 potions of heal wounds
 e - 2 potions of brilliance
 g - a potion of invisibility
 j - a potion of mutation
 k - a potion of flight
 s - a potion of berserk rage {unknown}


   Skills:
 + Level 3.5 Fighting
 * Level 6.1 Short Blades
 - Level 2.4 Dodging
 * Level 7.7 Stealth
 - Level 2.1 Spellcasting
 + Level 5.1 Hexes
 - Level 2.5 Ice Magic


You had 5 spell levels left.
You knew the following spells:

 Your Spells              Type           Power      Damage    Failure   Level
a - Corona                Hex            21%        N/A       2%          1
b - Ensorcelled Hibernat  Hex/Ice        28%        N/A       6%          2
c - Confusing Touch       Hex            19%        N/A       7%          3

Your spell library contained the following spells:

 Spells                   Type           Power      Damage    Failure   Level
 Tukima's Dance           Hex            19%        N/A       7%          3
 Magic Dart               Conj           4%         1d3       19%         1
 Sting                    Tmut/Pois      4%         1d3       19%         1
 Dazzling Flash           Conj/Hex       20%        N/A       21%         3
 Corpse Rot               Necr/Air       N/A        N/A       28%         2
 Poisonous Vapours        Pois/Air       2%         N/A       28%         2
 Searing Ray              Conj           2%         3d3       28%         2
 Conjure Flame            Conj/Fire      1%         6-21      50%         3
 Ignite Poison            Fire/Tmut/Pois 1%         N/A       50%         3
 Fulminant Prism          Conj/Hex       5%         3d7       54%         4
 Olgreb's Toxic Radiance  Pois           1%         N/A       88%         4
 Sticky Flame             Conj/Fire      1%         2d3       88%         4
 Freezing Cloud           Conj/Ice/Air   2%         6-21      98%         5


Dungeon Overview and Level Annotations

Branches:
Dungeon (6/15)
 Temple: D:4-7

Altars:
Gozag
Okawaru
Qazlal
Zin

Shops:
D:4 =

Annotations:
D:2 exclusion: 2 downstairs
D:3 exclusion: downstairs
D:4 exclusion: downstairs


Innate Abilities, Weirdness & Mutations

You are small and have problems with some larger weapons.
You are completely attuned to the shadows.


Message History

You barely miss the orc warrior.
The orc priest shouts!
You hit the orc warrior but do no damage.
An orc comes into view. It is wielding a +0 club.
You hit the orc warrior but do no damage.
The orc warrior barely misses you.
You barely miss the orc warrior. The orc warrior misses you.
You hit the orc warrior but do no damage.
You barely miss the orc warrior.
An orc comes into view. It is wielding a +0 short sword.
The orc priest misses you.
You hit the orc warrior but do no damage.
The orc priest hits you but does no damage.
An orc comes into view. It is wielding a +0 dagger.
The orc shouts!
You hit the orc warrior but do no damage.
You hit the orc warrior but do no damage.
The orc warrior seems less confused.
The orc warrior hits you with a +0 battleaxe!
The orc closely misses you.
Casting: Confusing Touch (dangerous; 7% risk of failure)
Confirm with . or Enter, or press ? or * to list all spells.
Your hands begin to glow red.
The orc warrior barely misses you. The orc priest completely misses you.
You hit the orc priest but do no damage.
The orc priest appears confused.
The orc warrior barely misses you. The orc misses you.
The orc barely misses you.
You hit the orc priest.
The orc priest is lightly wounded.
The orc warrior hits you with a +0 battleaxe!!
* * * LOW HITPOINT WARNING * * *
You hit the orc priest.
The orc priest is moderately wounded.
The orc completely misses you. The orc misses you.
The orc priest hits you but does no damage.
You catch the helpless orc priest completely off-guard!
You impale the orc priest!!
You kill the orc priest!
The orc warrior hits you with a +0 battleaxe!
You die...

..#.. #.#.#
#.#.# ##...#
##...##
#.....##
#....o..##
....)oo..####.
.....@o..'....
.........####.
#.......##
#.....##
##...## ##'##
#.# #.# ##.##


You could see an orc warrior and 3 orcs.

Vanquished Creatures
  2 black bears (D:5)
  A necrophage (D:5)
  A phantom (D:5)
  Blork the orc (D:5)
  A bullfrog (D:5)
  A howler monkey (D:4)
  2 hounds (D:4)
  2 jellies (D:4)
  A centaur skeleton (D:5)
  An orc priest (D:6)
  A bullfrog skeleton (D:6)
  A scorpion zombie (D:5)
  An orc wizard (D:3)
  2 gnolls (D:3)
  8 adders
  2 worms (D:2)
  A dart slug (D:1)
  9 orcs
  9 bats
  7 endoplasms
  A giant cockroach (D:2)
  7 goblins
  10 hobgoblins
  4 jackals (D:1)
  5 quokkas
  12 ball pythons
  4 frilled lizards
  8 kobolds
  7 rats
112 creatures vanquished.

Notes
Turn   | Place    | Note
-------+----------+-------------------------------------------
     0 | D:1      | nightchill the Kobold Enchanter began the quest for the
                  | Orb.
     0 | D:1      | Reached XP level 1. HP: 10/10 MP: 3/3
   173 | D:1      | Reached XP level 2. HP: 11/16 MP: 3/5
   176 | D:1      | Learned a level 2 spell: Ensorcelled Hibernation
   520 | D:1      | Reached XP level 3. HP: 20/20 MP: 6/6
   564 | D:1      | Reached skill level 1 in Fighting
   869 | D:1      | Found a faded altar of an unknown god.
  1168 | D:2      | Reached skill level 1 in Ice Magic
  1288 | D:2      | Learned a level 3 spell: Confusing Touch
  1332 | D:2      | Reached XP level 4. HP: 25/25 MP: 7/7
  2571 | D:3      | Reached XP level 5. HP: 27/29 MP: 6/8
  3451 | D:3      | Found an iron altar of Okawaru.
  3644 | D:3      | Reached skill level 5 in Stealth
  3817 | D:4      | Found a stormy altar of Qazlal.
  3821 | D:4      | Reached XP level 6. HP: 35/35 MP: 9/9
  4096 | D:4      | Found a glowing silver altar of Zin.
  4156 | D:4      | Found Holutim's Jewellery Shoppe.
  5322 | D:4      | Reached XP level 7. HP: 40/40 MP: 7/10
  5493 | D:5      | Entered Level 5 of the Dungeon
  5497 | D:5      | Reached skill level 6 in Stealth
  5796 | D:5      | Reached skill level 5 in Short Blades
  5864 | D:5      | Found an opulent altar of Gozag.
  5995 | D:5      | Reached skill level 7 in Stealth
  6015 | D:5      | Noticed Blork the orc
  6019 | D:5      | Killed Blork the orc
  6020 | D:5      | Reached skill level 5 in Hexes
  6020 | D:5      | Reached XP level 8. HP: 46/46 MP: 11/11
  6834 | D:6      | Slain by an orc warrior

Illustrated notes

Levels and vault maps discovered:
D:1:      saegor_arrival_simple_c, layout_loops_ring,
          shapermc_ecumenical_altar_mp_urbaneastern
D:2:      minmay_chambers_of_twos, layout_basic
D:3:      layout_basic, okawaru_altar_gauntlet_db, minmay_tree_intersection
D:4:      layout_loops_corners, mainiacjoe_overflow_brackets,
          amcnicky_altar_gilded, kennysheep_small_square
D:5:      layout_rooms, mainiacjoe_overflow_tiny_flanked, uniq_blork_the_orc
D:6:      layout_loops_corners, uniq_eustachio

Skill      XL: |  1  2  3  4  5  6  7  8 |
---------------+-------------------------+-----
Short Blades   | 2 3 4 5 6 |  6.1
Fighting       | 1 2 3 |  3.5
Ice Magic      | 1 2 |  2.5
Hexes          | 4 5 |  5.1
Stealth        | 5 7 |  7.7
Dodging        | |  2.4
Spellcasting   | |  2.1

Action                   |  1- 3 |  4- 6 |  7- 9 || total
-------------------------+-------+-------+-------++-------
Melee: Dagger            |    72 |   177 |    62 ||   311
 Cast: Corona            |     7 |    16 |       ||    23
       Ensorcelled Hiber |     3 |    34 |     7 ||    44
       Confusing Touch   |       |       |     5 ||     5
  Use: Scroll            |       |     3 |     4 ||     7
 Stab: Sleeping          |    24 |    42 |     9 ||    75
       Distracted        |       |       |     1 ||     1
       Confused          |       |       |     5 ||     5
Armor: Robe              |     6 |    10 |     4 ||    20
Dodge: Dodged            |    40 |   128 |    39 ||   207
